 Dungeon Crawl Stone Soup version 0.20-b1-2-gc5a9893 (webtiles) character file.

333 tcpcsj the Chopper (level 6, -1/47 HPs)
             Began as a Draconian Berserker on May 22, 2017.
             Was a Priest of Trog.
             Killed by divine providence
             ... invoked by an orc priest
              (13 damage)
             ... on level 3 of the Dungeon.
             The game lasted 00:04:26 (1587 turns).

tcpcsj the Chopper (Draconian Berserker)            Turns: 1587, Time: 00:04:27

Health: -1/47      AC:  8    Str: 21    XL:     6   Next: 27%
Magic:  6/6        EV: 13    Int:  7    God:    Trog [***...]
Gold:   200        SH:  3    Dex: 11    Spells: 5/5 levels left

rFire    . . .     SeeInvis .   l - +3 quarterstaff (chaos)
rCold    . . .     Gourm    .   (shield currently unavailable)
rNeg     . . .     Faith    .   (armour unavailable)
rPois    .         Spirit   .   (helmet restricted)
rElec    .         Reflect  +   m - +0 cloak
rCorr    .         Harm     .   (no gloves)
MR       .....                  k - +0 pair of boots
Stlth    +.........             g - +3 amulet of reflection
Regen    0.2/turn               (no ring)
MPRegen  0.1/turn               (no ring)

@: no status effects
A: unfitting armour, hooves 1, frail 1, cold-blooded, AC +6
a: Berserk, Trog's Hand, Burn Spellbooks, Renounce Religion


You were on level 3 of the Dungeon.
You worshipped Trog.
Trog was most pleased with you.
You were not hungry.

You visited 1 branch of the dungeon, and saw 3 of its levels.

You collected 200 gold pieces.

Inventory:

Hand Weapons
 a - a +0 hand axe
 l - a +3 quarterstaff of chaos (weapon)
Missiles
 e - 5 curare-tipped needles
 h - 29 poisoned needles
Armour
 k - a +0 pair of boots (worn)
 m - a +0 cloak (worn)
Jewellery
 g - a +3 amulet of reflection (around neck)
 i - an uncursed amulet of rage {unknown}
Scrolls
 d - a scroll of blinking {unknown}
 j - 2 scrolls of amnesia
Potions
 c - a potion of mutation
 f - a potion of berserk rage {unknown}
Comestibles
 b - 2 bread rations
 n - a meat ration


   Skills:
 + Level 4.4 Fighting
 + Level 5.3 Axes
 * Level 1.9 Staves
 + Level 3.7 Dodging
 + Level 0.4 Stealth


You had 5 spell levels left.
You didn't know any spells.

Dungeon Overview and Level Annotations

Branches:
Dungeon (3/15)

Altars:


Innate Abilities, Weirdness & Mutations

Your plain brown scales are hard. (AC +6)
You cannot fit into any form of body armour.
You are cold-blooded and may be slowed by cold attacks.
You have large cloven feet.
You are frail. (-10% HP)


Message History

You are too injured to fight recklessly!
You hit the orc wizard. You burn the orc wizard.
You kill the orc wizard!
Trog accepts your kill.
Trog appreciates your killing of a magic user.
You closely miss the orc. The orc closely misses you.
The orc priest calls down the wrath of Beogh upon you.
Beogh smites you!
* * * LOW HITPOINT WARNING * * *
The orc hits you but does no damage.
You hit the orc.
You feel better.
You kill the orc!
Trog accepts your kill. The orc misses you.
You hit the orc.
The orc seems to speed up.
The orc is lightly wounded.
You block the orc's attack.
The orc priest invokes the aid of Beogh against you.
Beogh smites you!
You die...

#### ### ####.. ..#
..#†# #.# #.#.# #o#
###.#.#####o#
#.....)..##@# .
#.#.........#...#
##.##.#...............
#........###.##)#%..#.
#.###.##.# #.##.##.##
#. #.# #..... !.. ###
#.##.######.## ### #..
#...........##+# #.#
####.#.######...## #.#


You could see an orc priest and an orc.

Vanquished Creatures
  Sigmund (D:2)
  Crazy Yiuf (D:2)
  An orc wizard (D:3)
  4 gnolls
  2 adders (D:2)
  An ooze (D:1)
  A worm (D:2)
  3 dart slugs
  2 leopard geckos (D:1)
  3 orcs (D:3)
  A ball python (D:2)
  5 giant cockroaches
  4 goblins
  4 hobgoblins
  4 jackals
  10 bats
  2 frilled lizards
  4 kobolds
  6 rats
59 creatures vanquished.

Notes
Turn   | Place    | Note
-------+----------+-------------------------------------------
     0 | D:1      | tcpcsj the Draconian Berserker began the quest for the Orb.
     0 | D:1      | Reached XP level 1. HP: 19/19 MP: 1/1
    34 | D:1      | Reached XP level 2. HP: 13/26 MP: 2/2
   247 | D:1      | Reached XP level 3. HP: 23/33 MP: 3/3
   373 | D:1      | Reached ** piety under Trog
   673 | D:1      | Gained mutation: You are frail. (-10% HP) [potion of mutation]
   673 | D:1      | Gained mutation: You have large cloven feet. [potion of mutation]
   805 | D:2      | Reached skill level 4 in Axes
   823 | D:2      | Reached XP level 4. HP: 25/36 MP: 4/4
  1160 | D:2      | Found a runed door.
  1164 | D:2      | Noticed Crazy Yiuf
  1169 | D:2      | Killed Crazy Yiuf
  1169 | D:2      | Reached XP level 5. HP: 41/41 MP: 5/5
  1301 | D:2      | Noticed Sigmund
  1313 | D:2      | Killed Sigmund
  1313 | D:2      | Reached skill level 5 in Axes
  1313 | D:2      | Reached skill level 1 in Staves
  1313 | D:2      | Reached XP level 6. HP: 27/47 MP: 6/6
  1586 | D:3      | Reached *** piety under Trog
  1587 | D:3      | Killed from afar by an orc priest

Skill      XL: |  1  2  3  4  5 |
---------------+----------------+-----
Dodging        | 3 |  3.7
Axes           | 4 5 |  5.3
Fighting       | 4 |  4.4
Staves         | 1 |  1.9
Stealth        | |  0.4

Action                   |  1- 3 |  4- 6 || total
-------------------------+-------+-------++-------
Melee: Hand axe          |   110 |    26 ||   136
       Tailslap          |    11 |     7 ||    18
       Quarterstaff      |       |    39 ||    39
Invok: Berserk           |       |     2 ||     2
       Trog's Hand       |       |     1 ||     1
  Use: Potion            |     3 |       ||     3
       Scroll            |     2 |       ||     2
  Eat: Bread ration      |       |     1 ||     1
Armor: Skin              |    40 |    14 ||    54
Dodge: Dodged            |    83 |    54 ||   137
Block: Other             |     4 |     6 ||    10
